 Dungeon Crawl Stone Soup version 0.31-a0-182-gc5ef74bbde (webtiles) character file.

Game seed: 10692806280464746616

112 qw the Chopper (level 4, -2/28 HPs)
             Began as a Gargoyle Fighter on June 21, 2023.
             Slain by a cerulean imp
             ... wielding a +0 spear
             ... summoned by Natasha
              (3 damage)
             ... on level 2 of the Dungeon.
             The game lasted 00:00:53 (1794 turns).

qw the Chopper (Gargoyle Fighter)                   Turns: 1794, Time: 00:00:53

Health: -2/28      AC: 14    Str: 22    XL:     4   Next: 93%
Magic:  4/4        EV:  8    Int:  8    God:
Gold:   109        SH:  4    Dex:  9    Spells: 3/3 levels left

rFire   . . .        Y - +0 war axe
rCold   . . .        c - +0 buckler
rNeg    + . .        f - +0 chain mail
rPois   inf          (no helmet)
rElec   +            (no cloak)
rCorr   .            h - +1 pair of gloves
SInv    .            (no boots)
Will    .....        (no amulet) Stlth
                     (no ring)
HPRegen 0.24/turn    (no ring)
MPRegen 0.09/turn

%: no passive effects
@: slowed, very slow
A: sickness immunity, AC +3, negative energy resistance 1, electricity
resistance, torment resistance 1, petrification resistance
a: no special abilities


You were on level 2 of the Dungeon.
You visited 1 branch of the dungeon, and saw 2 of its levels.

You collected 109 gold pieces.


Innate Abilities, Weirdness & Mutations

You are immune to sickness and miasma.
Your stone body is resilient. (AC +3)
You are immune to poison.
You resist negative energy. (rN+)
You are resistant to electric shocks. (rElec)
You are resistant to unholy torment.
You are immune to petrification.


   Skills:
 - Level 3.2 Fighting
 + Level 4.5 Axes
 - Level 3.2 Armour
 - Level 3.2 Shields


You had 3 spell levels left.
You didn't know any spells.
Your spell library was empty.

Inventory:

Hand Weapons
 e - a +0 whip
 Y - a +0 war axe (weapon)
Armour
 c - a +0 buckler (worn)
 f - a +0 chain mail (worn)
 h - a +1 pair of gloves (worn)
Scrolls
 b - a scroll of fog {unknown}
Potions
 a - a potion of haste {unknown}
 d - 2 potions of might
 g - a potion of mutation {unknown}

Dungeon Overview and Level Annotations

Branches:
Dungeon (2/15)

Altars:

Annotations:
D:2 Natasha


Message History

You block Natasha's attack.
You hit Natasha.
Natasha is heavily wounded.
You block Natasha's attack.
Natasha drinks a potion.
Natasha is healed!
You closely miss Natasha. Natasha claws you but does no damage.
You closely miss Natasha. Natasha barely misses you.
You closely miss Natasha.
Natasha mumbles some strange words.
Natasha claws you but does no damage.
You hit Natasha but do no damage. Natasha claws you.
The cerulean imp hits you but does no damage.
You hit Natasha but do no damage. Natasha claws you!
The cerulean imp barely misses you.
You hit Natasha but do no damage. Natasha casts a spell at you.
The magic dart hits you but does no damage.
The cerulean imp hits you from afar with a +0 spear.
Natasha claws you but does no damage.
The cerulean imp hits you but does no damage.
You barely miss Natasha. Natasha claws you but does no damage.
The cerulean imp hits you but does no damage.
You miss Natasha. Natasha claws you.
The cerulean imp hits you but does no damage.
You miss Natasha. Natasha claws you! The cerulean imp closely misses you.
Natasha claws you.
You closely miss Natasha.
The cerulean imp hits you but does no damage.
Natasha casts a spell at you.
You feel yourself slow down. You block the cerulean imp's attack.
You slash Natasha!
Natasha is severely wounded.
Natasha closely misses you. The cerulean imp barely misses you.
Natasha claws you.
The cerulean imp hits you from afar with a +0 spear.
You die...

#######..#.#
#........#.#####
#.#####.##.....#############
#.#####.:...................
#...........................
###########.....############
......h....5.>##
.#########h...# #@...#
#....# #....# ### ####.# #..
#.# #.. #.# #.. #.# #.. #.#
#.. #####.###### #..


You could see Natasha and a cerulean imp (summoned).

Vanquished Creatures
  Natasha (D:2)
  4 adders (D:2)
  2 dart slugs (D:1)
  An orc (D:2)
  5 bats
  4 endoplasms
  2 giant cockroaches (D:1)
  6 goblins
  4 hobgoblins
  6 jackals
  2 ball pythons
  4 kobolds (D:1)
  2 rats
43 creatures vanquished.

Notes
Turn   | Place    | Note
-------+----------+-------------------------------------------
     0 | D:1      | qw the Gargoyle Fighter began the quest for the Orb.
     0 | D:1      | Reached XP level 1. HP: 14/14 MP: 1/1
     0 | D:1      | 0 ||| qw: Version: 0.3-a-9-g12657ce
     0 | D:1      | 0 ||| qw: Game counter: 1606
     0 | D:1      | 0 ||| qw: Always use a shield: true
     0 | D:1      | 0 ||| qw: God list: Okawaru
     0 | D:1      | 0 ||| qw: Allow faded altars: false
     0 | D:1      | 0 ||| qw: Do Orc after D:15 true
     0 | D:1      | 0 ||| qw: Do second Lair branch before Depths: true
     0 | D:1      | 0 ||| qw: Lair rune preference: random
     0 | D:1      | 0 ||| qw: Plans: Normal, Zot:1-4, Slime:5, God:TSO, Crypt,
                  | Tomb, Abyss, Pan, Hells, Win
     0 | D:1      | 0 ||| PLANNING D:1-11
    43 | D:1      | Reached skill level 2 in Axes
    92 | D:1      | Reached XP level 2. HP: 19/19 MP: 2/2
   284 | D:1      | Reached skill level 3 in Axes
   434 | D:1      | Reached XP level 3. HP: 23/23 MP: 3/3
   491 | D:1      | 491 ||| Stepping ~*~*~tactically~*~*~ (hiding).
   653 | D:1      | 653 ||| FLEEEEING.
   656 | D:1      | 656 ||| FLEEEEING.
   900 | D:1      | 900 ||| UPGRADING to +0 chain mail.
   910 | D:1      | 910 ||| DROPPING +0 scale mail.
   911 | D:1      | 911 ||| UPGRADING to +1 pair of gloves.
   916 | D:1      | 916 ||| READING scroll labelled KULYVU ETSAFF.
  1017 | D:1      | 1017 ||| READING scroll labelled MYULOR GYNTAQOM.
  1269 | D:2      | 1269 ||| Stepping ~*~*~tactically~*~*~ (hiding).
  1281 | D:2      | Noticed Natasha
  1284 | D:2      | Killed Natasha
  1285 | D:2      | Reached XP level 4. HP: 21/28 MP: 4/4
  1325 | D:2      | Reached skill level 4 in Axes
  1366 | D:2      | 1366 ||| Stepping ~*~*~tactically~*~*~ (stealth).
  1403 | D:2      | 1403 ||| Stepping ~*~*~tactically~*~*~ (stealth).
  1404 | D:2      | 1404 ||| Stepping ~*~*~tactically~*~*~ (stealth).
  1415 | D:2      | 1415 ||| Stepping ~*~*~tactically~*~*~ (stealth).
  1429 | D:2      | 1429 ||| Stepping ~*~*~tactically~*~*~ (stealth).
  1438 | D:2      | 1438 ||| Stepping ~*~*~tactically~*~*~ (stealth).
  1777 | D:2      | Noticed Natasha
  1778 | D:2      | 1778 ||| Stepping ~*~*~tactically~*~*~ (hiding).
  1792 | D:2      | HP: 5/28 [Natasha (5)]
  1794 | D:2      | HP: 1/28 [Natasha (5)]
  1794 | D:2      | Slain by a cerulean imp

Levels and vault maps discovered:
D:1:      grunt_arrival_lava_bath, layout_loops_ring, minmay_fountain_box,
          lemuel_flame_loot_1
D:2:      layout_basic, chequers_garden, uniq_natasha, uniq_robin

Skill      XL: |  1  2  3  4 |
---------------+-------------+-----
Axes           | 2 3 4 |  4.5
Fighting       | |  3.2
Armour         | |  3.2
Shields        | |  3.2

Action                     |  1- 3 |  4- 6 || total
---------------------------+-------+-------++-------
  Melee: War axe           |    74 |    54 ||   128
    Use: Scroll            |     2 |       ||     2
 Armour: Scale mail        |    28 |       ||    28
         Chain mail        |     4 |    37 ||    41
  Dodge: Dodged            |    36 |    13 ||    49
  Block: Buckler           |    23 |    11 ||    34

Table legend:
 A = Non-vault XP
 B = Vault XP
 C = Vault XP percentage of total XP
 D = Non-vault monster count
 E = Vault monster count
 F = Vault count percentage of total count
                 A         B        C        D         E       F
            +---------+---------+-------+---------+---------+-------
      Total |     119 |      41 |  25.6 |      39 |       4 |   9.3
            +---------+---------+-------+---------+---------+-------
        D:1 |      44 |       0 |   0.0 |      23 |       0 |   0.0
        D:2 |      75 |      41 |  35.3 |      16 |       4 |  20.0
            +---------+---------+-------+---------+---------+-------
